 Dungeon Crawl Stone Soup version 0.25.0-26-g0c896c7088 (webtiles) character file.

Game seed: 16141492616522517633

35 xccam the Insei (level 3, -1/34 HPs)
             Began as an Octopode Transmuter on July 1, 2020.
             Slain by a centaur (10 damage)
             ... on level 2 of the Dungeon.
             The game lasted 00:01:12 (2011 turns).

xccam the Insei (Octopode Transmuter)               Turns: 2011, Time: 00:01:12

Health: -1/34      AC:  1    Str: 10    XL:     3   Next: 35%
Magic:  5/6        EV: 13    Int: 15    God:
Gold:   78         SH:  0    Dex: 12    Spells: 3/6 levels left

rFire    . . .     SeeInvis .     - Unarmed
rCold    . . .     Gourm    .   (no shield)
rNeg     . . .     Faith    .   (helmet restricted)
rPois    .         Spirit   .   (no amulet)
rElec    .         Reflect  .   (no ring)
rCorr    .         Harm     .   (no ring)
MR       .....                  (no ring)
Stlth    ..........             (no ring)
HPRegen  0.11/turn              (no ring)
MPRegen  0.10/turn              (no ring)
                                (no ring)
                                (no ring)

@: berserking, appendage, very quick
A: almost no armour, stealthy swim, amphibious, 8 rings, constrict 8, tentacle
spike 3, camouflage 1, gelatinous body 1
a: End Transformation


You were on level 2 of the Dungeon.
You were not hungry.
One of your tentacles had a temporary spike.
You visited 1 branch of the dungeon, and saw 2 of its levels.

You collected 78 gold pieces.

Inventory:

Missiles
 a - 31 arrows
Scrolls
 d - a scroll of fear {unknown}
 g - a scroll of remove curse {unknown}
 h - 4 scrolls of identify {unknown}
 j - 2 scrolls of magic mapping {unknown}
Potions
 b - a potion of berserk rage
 e - 2 potions of curing {unknown}
 f - a potion of degeneration {unknown}
 i - a potion of heal wounds {unknown}
 k - a potion of might {unknown}
Comestibles
 c - 4 rations
 l - 2 chunks of flesh


   Skills:
 - Level 1.0 Fighting
 - Level 2.0 Dodging
 + Level 4.3 Unarmed Combat
 - Level 2.0 Spellcasting
 - Level 2.0 Transmutations


You had 3 spell levels left.
You knew the following spells:

 Your Spells              Type           Power        Failure   Level  Hunger
a - Beastly Appendage     Tmut           #.....       10%         1    #......
b - Sticks to Snakes      Tmut           #.......     14%         2    ###....

Your spell library contained the following spells:

 Spells                   Type           Power        Failure   Level  Hunger
 Spider Form              Tmut/Pois      #.........   41%         3    ###....
 Ice Form                 Ice/Tmut       #.......     82%         4    #####..
 Blade Hands              Tmut           #.........   95%         5    ######.


Dungeon Overview and Level Annotations

Branches:
Dungeon (2/15)

Altars:


Innate Abilities, Weirdness & Mutations

You cannot wear most types of armour.
You are very stealthy in the water. (Stealth+)
You are amphibious.
You can wear up to eight rings at the same time.
You can use your tentacles to constrict eight enemies at once.
Your skin changes colour to match your surroundings (Stealth+).
Your rubbery body absorbs attacks. (AC +1, EV +1)
One of your tentacles bears a large vicious spike.


Message History

You tentacle-slap the hobgoblin.
You kill the hobgoblin!
The goblin barely misses you. The centaur hits you!
Cast which spell? (? or * to list) One of your tentacles grows a vicious spike.
The goblin misses you. The centaur hits you!
You tentacle-slap the centaur.
You pierce the centaur.
The centaur is moderately wounded.
The centaur barely misses you. The goblin hits you.
* * * LOW HITPOINT WARNING * * *
The centaur closely misses you.
It was a potion of berserk rage.
A red film seems to cover your vision as you go berserk!
You feel yourself moving faster!
You feel mighty! The goblin misses you. The centaur hits you.
* * * LOW HITPOINT WARNING * * *
You tentacle-slap the centaur.
The centaur is heavily wounded.
The centaur hits you!
You die...

#.# #.# #.# #.# #.#
#.# #.# ##.## #.# #.#
#...# #.# #.#
##...#### #<# #.#
#.......## #.#
#.#####.##.....####.#
#.......##..........#
#######.##$..@c......
#.>.....g......
###.##.###.####
#.##.# # #.##.. #.
.... ##.# .#


You could see a centaur and a goblin.

Vanquished Creatures
  An ooze (D:1)
  A dart slug (D:1)
  3 leopard geckos (D:1)
  8 hobgoblins
  2 jackals (D:2)
  2 bats (D:1)
  A frilled lizard (D:1)
  5 goblins (D:1)
  2 rats (D:1)
25 creatures vanquished.

Notes
Turn   | Place    | Note
-------+----------+-------------------------------------------
     0 | D:1      | xccam the Octopode Transmuter began the quest for the Orb.
     0 | D:1      | Reached XP level 1. HP: 13/13 MP: 3/3
   444 | D:1      | Reached XP level 2. HP: 17/18 MP: 5/5
   448 | D:1      | Learned a level 2 spell: Sticks to Snakes
  1055 | D:1      | Reached skill level 4 in Unarmed Combat
  1062 | D:1      | Reached XP level 3. HP: 8/23 MP: 6/6
  2003 | D:2      | Noticed a centaur
  2011 | D:2      | Slain by a centaur

Illustrated notes

Levels and vault maps discovered:
D:1:      lemuel_arrival_river_ford, layout_basic
D:2:      layout_loops_ring, uniq_sigmund

Skill      XL: |  1  2 |
---------------+-------+-----
Unarmed Combat | 4 |  4.3
Fighting       | |  1.0
Dodging        | |  2.0
Spellcasting   | |  2.0
Transmutations | |  2.0

Action                   || total
-------------------------++-------
Melee: Unarmed           ||    69
       Constrict         ||    16
       Tentacles         ||    13
       Punch             ||     1
       Kick              ||     1
 Cast: Beastly Appendage ||     1
  Use: Potion            ||     1
 Stab: Sleeping          ||     5
  Eat: Chunk             ||     3
Armor: Skin              ||     6
Dodge: Dodged            ||    40
